Map: Abyssal Reef LE

Players

WeAreLegion

  • Race: Terran Terran
  • League: Silver
  • Spawn Location: 5:00

Lifecycle - Winner!

  • Race: Protoss Protoss
  • Spawn Location: 11:00

VOD

Have the link to the VOD?

Description

Time

  • Played on: Dec. 9, 2024, 8:42 p.m.
  • Length: 20:35
Show
View Real Time Build Order
Export as new Build Order

WeAreLegion Terran 

Build Orders: Reaper Expand 

Get SALT Encoding   

  12  0:00  SCV  
  13  0:12  SCV  
  14  0:17  Supply Depot  
  14  0:24  SCV  
  15  0:39  SCV  
  15  0:40  Barracks  
  16  0:44  Refinery  
  16  0:53  SCV  
  17  1:05  SCV  
  18  1:17  SCV  
  19  1:29  Orbital Command  
  19  1:30  Reaper  
  20  1:53  Supply Depot  
  20  1:54  Command Center  
  20  1:58  SCV  
  21  2:10  SCV, Marine  
  23  2:22  SCV  
  24  2:25  Factory  
  24  2:28  Barracks Reactor  
  24  2:34  SCV, Refinery  
  25  2:46  SCV  
  27  2:58  SCV  
  26  3:06  Marine x2  
  26  3:10  SCV, Starport  
  26  3:12  Hellion  
  31  3:20  Orbital Command  
  31  3:22  SCV  
  31  3:24  Marine x2  
  34  3:34  SCV  
  34  3:39  Widow Mine  
  37  3:48  SCV x2  
  39  3:49  Marine  
  39  3:51  Medivac  
  42  4:00  SCV x2, Widow Mine  
  46  4:03  Barracks  
  46  4:04  Barracks  
  46  4:07  Supply Depot  
  46  4:12  Supply Depot, SCV x2  
  46  4:14  Marine  
  49  4:21  Marine  
  49  4:24  SCV x2  
  49  4:31  Marine  
  47  4:56  Supply Depot  
  47  4:59  SCV x2  
  49  5:02  Supply Depot  
  49  5:10  Marine x2  
  49  5:11  SCV x2  
  49  5:14  Factory Tech Lab  
  54  5:15  Starport Tech Lab  
  54  5:18  Barracks Tech Lab, Supply Depot  
  54  5:19  Barracks Tech Lab  
  53  5:27  Marine  
  53  5:28  Marine  
  55  5:36  Refinery  
  55  5:37  Refinery  
  55  5:39  Engineering Bay  
  55  5:43  Supply Depot  
  55  5:44  Supply Depot  
  55  5:45  SCV x2, Marine x2  
  55  5:46  Marine x2  
  61  5:57  SCV  
  61  6:03  Marine x2  
  61  6:04  SCV, Marine x2  
  65  6:09  SCV  
  70  6:13  Siege Tank  
  70  6:16  SCV  
  72  6:20  Raven  
  72  6:21  SCV, Marine x2  
  72  6:22  Marine, Marauder  
  72  6:23  Terran Infantry Weapons Level 1  
  80  6:27  Stimpack  
  80  6:28  Combat Shield  
  80  6:39  Marine x2  
  82  6:45  Barracks  
  82  6:47  Barracks  
  82  6:49  Engineering Bay  
  82  6:51  Armory  
  84  6:54  Raven  
  84  7:05  Marine x3  
  87  7:16  Command Center  
  87  7:38  Barracks Reactor x2  
  87  7:40  Terran Infantry Armor Level 1  
  87  7:42  Supply Depot  
  87  7:43  Supply Depot  
  87  7:46  Marine x3  
  90  8:00  Siege Tank  
  90  8:02  Medivac  
  90  8:04  Concussive Shells, Marine x2  
  90  8:05  Supply Depot, Marauder  
  99  8:06  Supply Depot  
  99  8:19  SCV x2  
  99  8:31  SCV, Ghost Academy  
  99  8:32  SCV, Siege Tank  
  104  8:38  Terran Vehicle Weapons Level 1  
  104  8:39  Starport  
  104  8:44  SCV x2  
  106  8:56  Supply Depot, SCV x2  
  106  8:58  Supply Depot  
  106  8:59  Marine x3  
  111  9:08  SCV x2  
  113  9:17  Marine x2  
  113  9:20  Supply Depot  
  113  9:21  Supply Depot  
  114  9:48  Supply Depot  
  84  10:30  Marine x3  
  84  10:31  Siege Tank  
  84  10:32  Medivac x2  
  84  10:35  Viking  
  96  10:47  Marine x2  
  96  10:48  Marine  
  99  11:03  Siege Tank  
  102  11:05  Viking  
  102  11:06  Marauder x3  
  107  11:27  Marauder  
  109  11:35  Siege Tank, Viking  
  93  12:05  Viking  
  93  12:08  Siege Tank  
  98  12:16  SCV x2  
  98  12:18  Orbital Command  
  98  12:26  Marine x3  
  98  12:28  SCV x2  
  96  12:40  Siege Tank  
  90  12:44  Marine x2  
  90  12:45  Marauder  
  84  13:02  Marauder x2, Medivac  
  84  13:03  Medivac  
  91  13:06  Starport Reactor, Marauder  
  91  13:12  Siege Tank  
  91  13:20  SCV x3  
  91  13:23  Marine x2  
  91  13:25  Refinery  
  96  13:27  Marine  
  96  13:28  Refinery  
  96  13:32  SCV x3, Medivac  
  100  13:37  Medivac  
  100  13:38  Command Center  
  102  13:41  Marine x2  
  102  13:44  Siege Tank  
  102  13:45  Marine  
  102  13:47  Starport  
  108  13:50  Command Center  
  108  13:56  SCV, Factory  
  108  13:57  SCV x2  
  108  13:59  Marauder x2  
  115  14:02  Medivac  
  115  14:03  Marauder  
  115  14:07  Medivac  
  115  14:09  SCV x3  
  124  14:16  Siege Tank  
  127  14:20  Marine x2  
  127  14:21  SCV x2  
  131  14:24  Marine  
  132  14:38  Marine  
  132  14:39  Marauder  
  132  14:42  Marauder  
  137  14:48  Widow Mine  
  137  14:50  Viking x4  
  147  14:56  Marine  
  147  14:59  Marine  
  148  15:03  Marine  
  150  15:10  Widow Mine  
  150  15:14  Marine  
  152  15:17  Marine  
  152  15:20  Viking x4  
  162  15:21  Marine  
  162  15:22  Terran Infantry Weapons Level 2  
  162  15:24  Starport Tech Lab  
  162  15:26  Terran Ship Weapons Level 1  
  163  15:28  Terran Infantry Armor Level 2  
  163  15:31  Marine  
  163  15:35  Marine  
  164  15:37  Siege Tank  
  164  15:39  Marine  
  164  15:42  Factory Tech Lab  
  167  15:50  Marauder, Viking  
  167  15:53  Marauder  
  167  15:56  Barracks  
  167  15:57  Barracks, Marauder  
  163  15:59  Factory x2  
  162  16:10  Siege Tank  
  166  16:14  Marine  
  166  16:15  Ghost  
  169  16:23  Ghost  
  172  16:27  Liberator x5  
  189  16:33  Marauder  
  189  16:42  Siege Tank  
  189  16:44  Ghost  
  189  16:52  Ghost  
  188  16:54  Marauder  
  171  17:10  Medivac x3  
  171  17:13  Marine  
  171  17:14  Siege Tank  
  171  17:15  Marine  
  182  17:20  Ghost  
  158  17:30  Marine  
  158  17:33  Marine  
  153  17:46  Siege Tank  
  153  17:48  Marine  
  153  17:50  Marauder  
  122  18:11  Marauder  
  110  18:15  Marine x2  
  100  18:32  Marine  
  100  18:33  Marine  
  102  18:44  Marine  
  102  18:45  Marine x2  
  102  18:47  Viking, Medivac x4  
  92  19:02  Marine x2  
  90  19:03  Marauder  
  90  19:08  Siege Tank  
  97  19:16  SCV  
  91  19:17  SCV x2, Liberator x4, Viking  
  91  19:21  Marauder x2  
  110  19:24  Marauder  
  104  19:40  Siege Tank  
  104  19:42  Marine, Marauder  
  104  19:45  Marine  
  98  19:59  Marine  
  78  20:03  Marine x2  
Show
View Real Time Build Order
Export as new Build Order

Lifecycle Protoss - Winner!

Build Orders: Blink Stalkers 

Get SALT Encoding   

  12  0:00  Probe  
  13  0:12  Probe  
  14  0:21  Pylon  
  14  0:24  Probe  
  15  0:40  Probe  
  15  0:41  Gateway  
  16  0:46  Assimilator  
  16  0:52  Probe  
  17  1:04  Probe  
  18  1:16  Probe  
  19  1:29  Cybernetics Core  
  20  1:32  Probe  
  20  1:53  Nexus  
  20  1:54  Pylon  
  20  1:55  Warp Gate  
  20  1:57  Adept  
  20  1:59  Probe  
  23  2:12  Probe  
  23  2:16  Assimilator  
  23  2:23  Pylon  
  23  2:27  Adept, Probe  
  26  2:43  Probe  
  27  2:55  Probe  
  28  3:02  Gateway  
  28  3:08  Twilight Council  
  28  3:09  Probe  
  28  3:13  Stalker  
  28  3:17  Probe  
  31  3:24  Probe  
  33  3:28  Blink  
  33  3:31  Shield Battery  
  33  3:33  Probe  
  34  3:36  Probe  
  35  3:45  Probe  
  36  3:48  Probe  
  37  3:56  Robotics Facility  
  37  3:57  Probe  
  37  4:01  Stalker, Probe  
  40  4:06  Probe  
  42  4:14  Probe  
  43  4:27  Probe  
  43  4:28  Probe  
  45  4:38  Stalker x2  
  45  4:40  Probe  
  45  4:42  Assimilator  
  46  4:47  Shield Battery  
  46  4:50  Observer  
  46  4:52  Probe  
  48  4:59  Forge  
  48  5:02  Pylon  
  48  5:04  Gateway  
  48  5:07  Observer  
  48  5:08  Probe  
  48  5:13  Stalker x2  
  54  5:16  Pylon  
  54  5:20  Probe  
  55  5:22  Probe  
  56  5:32  Probe  
  57  5:40  Nexus  
  57  5:42  Pylon  
  57  5:44  Stalker x2  
  57  5:47  Observer  
  62  5:56  Assimilator  
  62  6:05  Observer  
  63  6:13  Stalker x2  
  67  6:21  Gateway x2  
  67  6:25  Pylon  
  67  6:28  Pylon  
  67  6:29  Shield Battery  
  67  6:32  Pylon  
  67  6:33  Probe  
  67  6:35  Stalker  
  70  6:42  Gateway  
  70  6:44  Gateway  
  70  6:45  Probe  
  71  6:49  Charge, Protoss Air Weapons Level 1  
  71  6:52  Probe  
  71  7:04  Observer, Probe  
  71  7:08  Zealot x3  
  77  7:14  Shield Battery  
  79  7:16  Probe  
  79  7:19  Protoss Ground Weapons Level 1  
  80  7:29  Robotics Bay  
  80  7:54  Probe  
  80  7:57  Assimilator  
  80  7:58  Stalker x2  
  85  8:00  Zealot x2  
  85  8:04  Shield Battery  
  89  8:06  Probe, Photon Cannon  
  89  8:08  Photon Cannon  
  89  8:10  Shield Battery  
  89  8:11  Photon Cannon  
  90  8:12  Photon Cannon  
  90  8:15  Photon Cannon  
  90  8:27  Gravitic Boosters  
  90  8:32  Stalker  
  90  8:33  Zealot x6  
  104  8:38  Observer  
  105  8:53  Templar Archives  
  105  8:56  Observer  
  105  9:01  Stalker x2  
  105  9:02  Zealot x2  
  114  9:14  Protoss Ground Armor Level 1, Protoss Air Armor Level 1  
  114  9:37  Zealot  
  116  9:40  Psionic Storm  
  85  10:05  Zealot x4  
  85  10:06  Zealot x3  
  70  10:28  Zealot x3  
  68  10:29  Stalker x2  
  68  10:30  Stalker  
  68  10:31  Observer  
  70  10:47  Pylon x2  
  70  10:51  Pylon  
  70  11:01  High Templar x2  
  74  11:08  Stargate  
  72  11:22  Stalker x2  
  72  11:23  Stalker  
  61  12:04  Stalker, Observer  
  61  12:05  Stalker x3  
  64  12:35  Zealot x4  
  64  12:36  Zealot  
  65  12:58  Zealot  
  65  12:59  Zealot  
  68  13:23  Probe  
  69  13:30  Observer  
  69  13:34  Observer  
  69  13:35  Probe  
  70  13:42  Probe  
  70  13:45  High Templar x2  
  70  13:46  Nexus  
  70  13:47  Probe  
  70  13:48  Pylon  
  76  13:54  Probe  
  77  13:59  Probe  
  78  14:06  Probe  
  78  14:07  Shield Battery  
  78  14:08  Shield Battery  
  79  14:12  Shield Battery, Pylon  
  79  14:14  Stalker x4  
  87  14:24  Protoss Ground Weapons Level 2  
  87  14:28  High Templar x2  
  91  14:41  Fleet Beacon  
  91  14:47  Stalker  
  91  14:48  Stalker x3  
  99  15:02  Assimilator  
  99  15:05  Pylon  
  99  15:10  Pylon  
  99  15:14  Observer  
  99  15:16  Zealot x2  
  99  15:17  Zealot x5  
  114  15:32  Assimilator, Observer  
  115  15:49  Colossus  
  115  15:53  Protoss Air Weapons Level 2  
  121  16:08  Zealot  
  121  16:09  Zealot x5  
  133  16:36  Stalker  
  133  16:37  Stalker x2  
  133  16:38  Stalker x4  
  147  16:43  Colossus  
  147  17:10  Zealot x5  
  147  17:11  Zealot x2  
  147  17:12  Probe  
  152  17:24  Probe  
  149  17:36  Probe  
  102  18:09  Stalker x6  
  102  18:10  Stalker  
  90  18:52  Zealot x7  
  95  19:46  Nexus  
  95  19:47  Pylon  
  77  20:14  Stalker  
  77  20:15  Stalker x6  
  89  20:29  Photon Cannon  
  89  20:31  Shield Battery  
Tags
 
Composition
Blink Stalkers
League
Silver
Matchup
PvT
Replay Pack
December
Spawn Locations
Cross Positions
Add a new tag
Caveats
  • Supply blocks, unpowered buildings, or Contaminate may cause inaccurate times.
  • Supply counts are checked every 10 seconds.